 Dungeon Crawl Stone Soup version 0.24.0-1-gfbc8707 (webtiles) character file.

Game seed: 12592882759103115576, levelgen mode: deterministic

359 Blackhawk the Chopper (level 6, 47/55 HPs)
             Began as a Hill Orc Monk on Oct 28, 2019.
             Was a Believer of Beogh.
             Quit the game on level 5 of the Dungeon.
             The game lasted 00:08:03 (4915 turns).

Blackhawk the Chopper (Hill Orc Monk)               Turns: 4915, Time: 00:08:03

Health: 47/55      AC: 11    Str: 16    XL:     6   Next: 65%
Magic:  6/6        EV:  9    Int: 10    God:    Beogh [**....]
Gold:   268        SH:  0    Dex: 15    Spells: 5/5 levels left

rFire    . . .     SeeInvis .   a - +0 hand axe
rCold    . . .     Gourm    .   (no shield)
rNeg     . . .     Faith    .   y - +1 chain mail
rPois    .         Spirit   .   (helmet restricted)
rElec    .         Reflect  .   k - +0 cloak
rCorr    .         Harm     .   (no gloves)
MR       .....     Rnd*Rage +   (no boots) Stlth ..........Rnd*Tele +
                                (no amulet)
HPRegen  0.18/turn              (no ring)
MPRegen  0.10/turn              l - +2 ring of dexterity

@: no status effects
A: horns 1, berserk 1, teleportitis 1, sturdy frame 1
a: Smiting, Renounce Religion


You were on level 5 of the Dungeon.
You worshipped Beogh.
Beogh was pleased with you.
You were very hungry.

You visited 1 branch of the dungeon, and saw 5 of its levels.

You collected 268 gold pieces.

Inventory:

Hand Weapons
 a - a +0 hand axe (weapon)
Armour
 b - a +0 robe
 f - a +0 ring mail
 k - a +0 cloak (worn)
 y - a +1 chain mail (worn)
Jewellery
 j - an uncursed ring of attention
 l - a +2 ring of dexterity (right hand)
Wands
 s - a wand of clouds (4)
Scrolls
 d - 2 scrolls of blinking
 g - 8 scrolls of teleportation
 i - 7 scrolls of identify
 p - 2 scrolls of fear {unknown}
 w - a scroll of magic mapping {unknown}
 x - 2 scrolls of remove curse
 z - a scroll of immolation {unknown}
 A - a scroll of amnesia {unknown}
Potions
 h - 2 potions of flight
 m - a potion of cancellation {unknown}
 n - a potion of curing {unknown}
 o - 2 potions of might {unknown}
 q - a potion of brilliance {unknown}
 r - a potion of ambrosia {unknown}
 t - a potion of haste
 u - a potion of heal wounds {unknown}
 v - a potion of resistance {unknown}
 B - a potion of lignification {unknown}
Comestibles
 c - 6 rations


   Skills:
 + Level 4.9 Fighting
 * Level 5.5 Axes
 + Level 2.9 Armour
 + Level 3.4 Dodging
 - Level 3.1 Stealth


You had 5 spell levels left.
You didn't know any spells.
Your spell library was empty.

Dungeon Overview and Level Annotations

Branches:
Dungeon (5/15)             Temple (0/1) D:4

Altars:
Ashenzari
Elyvilon

Shops:
D:4 [

Annotations:
D:5 edsrzf's ghost, amateur OgGl


Innate Abilities, Weirdness & Mutations

You have a pair of small horns on your head.
You tend to lose your temper in combat.
You are occasionally teleported next to monsters.
Your movements are slightly less encumbered by armour. (ER -2)


Message History

Edsrzf's ghost is lightly damaged.
Edsrzf's ghost hits you but does no damage.
You completely miss edsrzf's ghost.
Edsrzf's ghost is lightly damaged.
Edsrzf's ghost hits you but does no damage.
You hit edsrzf's ghost.
Edsrzf's ghost is lightly damaged.
Edsrzf's ghost hits you but does no damage.
You barely miss edsrzf's ghost.
Edsrzf's ghost is lightly damaged.
Edsrzf's ghost hits you but does no damage.
You miss edsrzf's ghost.
Edsrzf's ghost is lightly damaged.
Edsrzf's ghost hits you but does no damage.
It was a potion of mutation.
You feel extremely strange.
You feel a little pissed off.
You feel weirdly uncertain. A pair of horns grows on your head!
You feel less encumbered by your armour.
Edsrzf's ghost barely misses you.
Are you sure you want to abandon this character and quit the game? (Confirm with "yes".)

.......#...##⌠##....#
..<......##...##...#
.......##.....##..#
.......#⌠.!♣%.⌠#.##
.......##.....##.#
#.......##...##..#
#.......##.##..##
#....#...#W#..##
#.... ###..@..## ..[.
####### ..# .


You could see edsrzf's ghost.

Vanquished Creatures
  A scorpion (D:4)
  A howler monkey (D:4)
  A crimson imp (D:3)
  An orc priest (D:4)
  2 orc wizards
  2 worker ant zombies (D:4)
  9 adders
  2 oozes
  An adder skeleton (D:4)
  2 worms (D:2)
  7 dart slugs
  3 leopard geckos
  9 orcs
  9 bats
  4 giant cockroaches (D:1)
  4 hobgoblins
  4 jackals (D:3)
  7 kobolds
  A ball python (D:1)
  8 frilled lizards
  8 goblins
  6 rats
92 creatures vanquished.

Vanquished Creatures (others)
  An orc priest (D:4)
  An orc wizard (D:4)
  An orc (D:4)
  A giant cockroach (D:4)
4 creatures vanquished.

Grand Total: 96 creatures vanquished

Notes
Turn   | Place    | Note
-------+----------+-------------------------------------------
     0 | D:1      | Blackhawk the Hill Orc Monk began the quest for the Orb.
     0 | D:1      | Reached XP level 1. HP: 19/19 MP: 1/1
   117 | D:1      | Reached XP level 2. HP: 27/27 MP: 2/2
   414 | D:1      | Reached skill level 1 in Armour
   433 | D:1      | You fall into a shaft and drop 1 floor!
   434 | D:2      | Reached XP level 3. HP: 33/33 MP: 3/3
   986 | D:2      | Found a white marble altar of Elyvilon.
   994 | D:2      | Reached XP level 4. HP: 40/40 MP: 4/4
  2378 | D:2      | Reached XP level 5. HP: 47/47 MP: 5/5
  3005 | D:3      | Reached skill level 5 in Axes
  3435 | D:3      | Reached XP level 6. HP: 53/53 MP: 6/6
  3896 | D:4      | Found a shattered altar of Ashenzari.
  4032 | D:4      | Became a worshipper of Beogh the Brigand
  4032 | D:4      | Reached * piety under Beogh
  4032 | D:4      | Reached ** piety under Beogh
  4594 | D:4      | Found Wosuotsikh's Antique Armour Boutique.
  4595 | D:4      | Found a staircase to the Ecumenical Temple.
  4845 | D:5      | Entered Level 5 of the Dungeon
  4873 | D:5      | Noticed edsrzf's ghost (amateur OgGl)
  4878 | D:5      | Found a runed translucent door.
  4914 | D:5      | Gained mutation: You tend to lose your temper in combat.
                  | [potion of mutation]
  4914 | D:5      | Gained mutation: You are occasionally teleported next to
                  | monsters. [potion of mutation]
  4914 | D:5      | Gained mutation: You have a pair of small horns on your
                  | head. [potion of mutation]
  4914 | D:5      | Gained mutation: Your movements are slightly less
                  | encumbered by armour. (ER -2) [potion of mutation]
  4915 | D:5      | Quit the game

Levels and vault maps discovered:
D:1:      onia_arrival_mini_maze, layout_loops_cross
D:2:      layout_loops_corners, elyvilon_altar_1, minmay_tall_x
D:3:      layout_basic
D:4:      layout_gridville, ashenzari_conservatory_becter,
          minmay_temple_entry_arrows, serial_shops, shop_statue, first_ration
D:5:      layout_cave_pools, overflow_temple_1_default,
          hellmonk_ghost_happy_afterlife, lemuel_old_faithful, uniq_duvessa,
          uniq_blork_the_orc, uniq_sigmund

Skill      XL: |  1  2  3  4  5  6 |
---------------+-------------------+-----
Armour         | 1 2 |  2.9
Fighting       | 4 |  4.9
Stealth        | 2 3 |  3.1
Dodging        | 3 |  3.4
Axes           | 5 |  5.5

Action                   |  1- 3 |  4- 6 || total
-------------------------+-------+-------++-------
Melee: Hand axe          |   127 |   389 ||   516
Invok: Convert to Beogh  |       |     1 ||     1
  Use: Scroll            |       |     5 ||     5
       Potion            |       |     1 ||     1
  Eat: Chunk             |       |     9 ||     9
       Ration            |       |     1 ||     1
Armor: Robe              |     8 |       ||     8
       Ring mail         |    60 |    99 ||   159
       Chain mail        |       |    48 ||    48
Dodge: Dodged            |    90 |   194 ||   284
